 Dungeon Crawl Stone Soup version 0.17-a0-1637-g5d65775 (webtiles) character file.

99 kroki the Slasher (level 4, -1/38 HPs)
             Began as a Draconian Fighter on Aug 7, 2015.
             Killed from afar by karlkraus's ghost (8 damage)
             ... with a magic dart
             ... on level 3 of the Dungeon.
             The game lasted 00:03:56 (2789 turns).

kroki the Slasher (Draconian Fighter)               Turns: 2789, Time: 00:03:57

Health: -1/38      AC:  5    Str: 16      XL:     4   Next: 45%
Magic:  4/4        EV: 10    Int:  7 (9)  God:
Gold:   178        SH:  8    Dex: 11      Spells: 0 memorised, 3 levels left

rFire  . . .     SeeInvis +     a - +1 long sword
rCold  . . .     Clarity  .     (armour unavailable)
rNeg   . . .     SustAt   .     b - +0 shield
rPois  .         Gourm    .     (helmet restricted)
rElec  .         Spirit   .     (no cloak)
rCorr  .         Warding  .     (no gloves)
rMut   .         Stasis   .     (no boots)
MR     +....                    (no amulet)
Stlth  +.........               (no ring)
                                (no ring)

@: very slightly contaminated, hasted, very quick, somewhat resistant to hostile
enchantments, very unstealthy
A: unfitting armour, see invisible, magic resistance 1, weak 1, cold-blooded, AC
+5
a: no special abilities


You were on level 3 of the Dungeon.
You were not hungry.

You visited 1 branch of the dungeon, and saw 3 of its levels.

You collected 178 gold pieces.

Inventory:

Hand weapons
 a - a +1 long sword (weapon)
Armour
 b - a +0 shield (worn)
 e - a +0 ice dragon armour
   (You found it on level 1 of the Dungeon)
 i - a +0 pair of boots
   (You found it on level 2 of the Dungeon)
Scrolls
 f - a scroll of blinking {unknown}
 k - a scroll of teleportation
 l - a scroll of identify
Potions
 c - a potion of heal wounds {unknown}
 j - a potion of cancellation
 u - a potion of brilliance {unknown}
Comestibles
 d - 5 bread rations
 g - a meat ration
 m - a chunk of flesh


   Skills:
 - Level 3.2 Fighting
 + Level 4.7 Long Blades
 - Level 2.6 Dodging
 - Level 3.0 Shields


You had 3 spell levels left.
You didn't know any spells.

Dungeon Overview and Level Annotations

Branches:
Dungeon (3/15)

Altars:
Nemelex Xobeh
Okawaru
Yredelemnul

Annotations:
D:3 karlkraus's ghost, average OpAs


Innate Abilities, Weirdness & Mutations

Your plain brown scales are hard (AC +5).
Your body does not fit into most forms of armour.
You are cold-blooded and may be slowed by cold attacks.
You have supernaturally acute eyesight.
You are resistant to hostile enchantments.
You are weak. (Str -2)


Message History

There isn't anything to butcher here.
There isn't anything to butcher here.
Karlkraus's ghost is too close now for your liking.
You see here a fluorescent wand.
Press: ? - help, v - describe, . - travel
Here: karlkraus's ghost The floor.
Drink which item? (? for menu, Esc to quit)
Okay, then.
You slash karlkraus's ghost!
Your tail-slap misses karlkraus's ghost.
Karlkraus's ghost is moderately damaged.
Karlkraus's ghost casts a spell at you. The magic dart hits you!
You closely miss karlkraus's ghost.
Karlkraus's ghost is moderately damaged.
Karlkraus's ghost barely misses you. You block karlkraus's ghost's attack.
You barely miss karlkraus's ghost.
You tail-slap karlkraus's ghost, but do no damage.
Karlkraus's ghost is moderately damaged.
You block karlkraus's ghost's attack.
You closely miss karlkraus's ghost.
Karlkraus's ghost is moderately damaged.
Karlkraus's ghost casts a spell at you. The magic dart hits you!
You hit karlkraus's ghost.
Karlkraus's ghost is heavily damaged.
Karlkraus's ghost barely misses you.
You hit karlkraus's ghost.
Your tail-slap misses karlkraus's ghost.
Karlkraus's ghost is heavily damaged.
Karlkraus's ghost casts a spell at you. The magic dart hits you!
You closely miss karlkraus's ghost.
Karlkraus's ghost is heavily damaged.
You block karlkraus's ghost's attack. Karlkraus's ghost casts a spell at you.
The magic dart hits you!
You completely miss karlkraus's ghost.
Your tail-slap misses karlkraus's ghost.
Karlkraus's ghost is heavily damaged.
Karlkraus's ghost says, "You must not succeed where I failed!"
Karlkraus's ghost hits you but does no damage.
Drink which item? (? for menu, Esc to quit)
You feel yourself speed up. Karlkraus's ghost hits you.
* * * LOW HITPOINT WARNING * * *
You are very lightly contaminated with residual magic.
You slash karlkraus's ghost! You tail-slap karlkraus's ghost.
Karlkraus's ghost is almost destroyed.
Karlkraus's ghost stares at you and mumbles some strange words.
The magic dart hits you!
* * * LOW HITPOINT WARNING * * *
You closely miss karlkraus's ghost.
Your tail-slap misses karlkraus's ghost.
Karlkraus's ghost is almost destroyed.
Karlkraus's ghost barely misses you.
You hit karlkraus's ghost.
Your tail-slap misses karlkraus's ghost.
Karlkraus's ghost is almost destroyed.
You closely miss karlkraus's ghost.
Karlkraus's ghost is almost destroyed.
Karlkraus's ghost stares at you and mumbles some strange words.
The magic dart hits you!
You die...

#.# #.#...#.# #.#
#.#.#.#.# #.#
#.....#.#
#.#####[###.#
#.######......<....#
...!....############
#.###...........
#.##.########
#....@W......
#.[##%#...... #..
#.# ..... #. #..
#### .. .>.. ##
##..# ... ...# ...#


You could see karlkraus's ghost.

Vanquished Creatures
  Terence (D:2)
  An adder (D:2)
  An ooze (D:2)
  A worm (D:2)
  An orc (D:2)
  4 ball pythons
  10 bats
  5 giant cockroaches
  5 goblins
  7 hobgoblins
  2 giant newts (D:1)
  8 kobolds
  11 rats
57 creatures vanquished.

Vanquished Creatures (others)
  A bat (D:1)
1 creature vanquished.

Grand Total: 58 creatures vanquished

Notes
Turn   | Place    | Note
--------------------------------------------------------------
     0 | D:1      | kroki the Draconian Fighter began the quest for the Orb.
     0 | D:1      | Reached XP level 1. HP: 19/19 MP: 1/1
    55 | D:1      | Reached XP level 2. HP: 16/26 MP: 2/2
   266 | D:1      | Reached skill level 3 in Long Blades
   515 | D:1      | Found a sparkling altar of Nemelex Xobeh.
   573 | D:1      | Reached XP level 3. HP: 29/31 MP: 3/3
  1197 | D:2      | Found an iron altar of Okawaru.
  1217 | D:2      | Found a basalt altar of Yredelemnul.
  1385 | D:2      | Gained mutation: You are weak. (Str -2) [potion of mutation]
  1385 | D:2      | Gained mutation: You have supernaturally acute eyesight. [potion of mutation]
  1385 | D:2      | Gained mutation: You are resistant to hostile enchantments. [potion of mutation]
  1400 | D:2      | Reached skill level 4 in Long Blades
  2072 | D:2      | Noticed Terence
  2090 | D:2      | Killed Terence
  2090 | D:2      | Reached XP level 4. HP: 17/38 MP: 4/4
  2771 | D:3      | Noticed karlkraus's ghost (average OpAs)
  2789 | D:3      | Killed from afar by karlkraus's ghost

Vault maps used:
D:1:      nicolae_arrival_washed_ashore, minmay_misc_feat_iff,
          grunt_decor_arrowhead, nemelex_altar_shiori
D:2:      grunt_temple_overflow_open, minmay_rat_gold_closets, uniq_terence

Action                   |  1- 3 |  4- 6 || total
-------------------------+-------+-------++-------
Melee: Long sword        |   152 |    38 ||   190
  Use: Scroll            |    10 |       ||    10
       Potion            |     4 |     1 ||     5
 Stab: Sleeping          |     1 |       ||     1
  Eat: Chunk             |     4 |     2 ||     6
